 Dungeon Crawl Stone Soup version 0.25-a0-975-gcae8493d64 (webtiles) character file.

Game seed: 14541739141732351262, levelgen mode: deterministic

2264 Flugslaktarn the Cleaver (level 9, 0/79 HPs)
             Began as a Minotaur Fighter on May 9, 2020.
             Was a Believer of Makhleb.
             Slain by a two-headed ogre
             ... wielding a +0 giant spiked club
              (11 damage)
             ... on level 8 of the Dungeon.
             The game lasted 00:02:23 (5088 turns).

Flugslaktarn the Cleaver (Minotaur Fighter)         Turns: 5088, Time: 00:02:23

Health: 0/79       AC: 11    Str: 20    XL:     9   Next: 16%
Magic:  11/11      EV:  6    Int:  5    God:    Makhleb [**....]
Gold:   339        SH: 11    Dex: 14    Spells: 8/8 levels left

rFire    . . .     SeeInvis .   a - +0 war axe
rCold    . . .     Gourm    .   c - +0 kite shield
rNeg     . . .     Faith    .   n - +0 chain mail
rPois    .         Spirit   .   (helmet restricted)
rElec    .         Reflect  .   (no cloak)
rCorr    .         Harm     .   (no gloves)
MR       .....                  i - +0 pair of boots
Stlth    ..........             (no amulet)
HPRegen  0.23/turn              (no ring)
MPRegen  0.12/turn              (no ring)

@: no status effects
A: retaliatory headbutt, horns 2
a: Minor Destruction, Renounce Religion


You were on level 8 of the Dungeon.
You worshipped Makhleb.
Makhleb was pleased with you.
You were not hungry.

You visited 1 branch of the dungeon, and saw 8 of its levels.

You collected 339 gold pieces.

Inventory:

Hand Weapons
 a - a +0 war axe (weapon)
Armour
 c - a +0 kite shield (worn)
 i - a +0 pair of boots (worn)
   (You found it on level 4 of the Dungeon)
 n - a +0 chain mail (worn)
   (You found it on level 5 of the Dungeon)
Wands
 o - a wand of enslavement (19)
   (You found it on level 5 of the Dungeon)
Scrolls
 g - 3 scrolls of fear
 h - 2 scrolls of enchant weapon {unknown}
 j - 3 scrolls of enchant armour
 k - 2 scrolls of teleportation {unknown}
 l - 3 scrolls of random uselessness {unknown}
 m - a scroll of noise {unknown}
 r - 3 scrolls of identify
 s - a scroll of immolation {unknown}
Potions
 d - 3 potions of might
 f - 2 potions of cancellation
 p - a potion of invisibility {unknown}
 q - a potion of berserk rage {unknown}
Comestibles
 b - 4 chunks of flesh
 e - 9 rations


   Skills:
 + Level 7.0 Fighting
 * Level 8.9 Axes
 + Level 6.9 Armour
 + Level 7.1 Shields
 + Level 4.4 Invocations


You had 8 spell levels left.
You didn't know any spells.
Your spell library was empty.

Dungeon Overview and Level Annotations

Branches:
Dungeon (7/15)             Temple (0/1) D:5

Altars:
Makhleb
Nemelex Xobeh
Okawaru

Shops:
D:5 :


Innate Abilities, Weirdness & Mutations

You reflexively headbutt those who attack you in melee.
You have a pair of horns on your head.


Message History

Makhleb accepts your kill.
You hit the orc but do no damage. The orc hits you but does no damage.
You hit the orc.
The orc is heavily wounded.
The orc hits you but does no damage.
You closely miss the orc. You headbutt the orc.
You kill the orc!
Makhleb accepts your kill.
You hit the two-headed ogre.
You block the two-headed ogre's attack. x2
You hit the two-headed ogre but do no damage.
You headbutt the two-headed ogre.
The two-headed ogre is lightly wounded.
The two-headed ogre hits you with a +0 giant spiked club!!
You block the two-headed ogre's attack.
You slash the two-headed ogre!
The two-headed ogre is moderately wounded.
The two-headed ogre hits you with a +0 giant spiked club!
* * * LOW HITPOINT WARNING * * *
The two-headed ogre hits you with a +0 giant club!
You die...

...............
#....................
.....................
.....................
........# #..........
........# #...)......
........## #.).......
......)).###.##!....#
......)@...))#.....##
......O.............#
..###...............#
#.#..............
###..............
..(..............
.................
............##....
............. #.


You could see a two-headed ogre.

Vanquished Creatures
  Pikel (D:5)
  Grinder (D:3)
  Purgy (D:3)
  5 ogres (D:6)
  A centaur (D:6)
  A scorpion (D:7)
  5 wights (D:6)
  A howler monkey (D:5)
  2 quasits (D:6)
  A bullfrog zombie (D:6)
  6 orc priests
  An iguana (D:3)
  10 orc wizards
  A worker ant (D:5)
  4 adders
  2 shadow imps
  An adder zombie (D:4)
  An adder skeleton (D:6)
  5 worms
  A dart slug (D:2)
  5 leopard geckos
  14 orcs
  2 ball pythons
  3 giant cockroaches
  4 goblins
  4 hobgoblins
  4 jackals (D:2)
  6 kobolds
  A quokka (D:2)
  4 bats
  4 frilled lizards
  A jackal skeleton (D:5)
  A quokka skeleton (D:5)
  5 rats
109 creatures vanquished.

Vanquished Creatures (others)
  6 toadstools (D:3)
6 creatures vanquished.

Grand Total: 115 creatures vanquished

Notes
Turn   | Place    | Note
-------+----------+-------------------------------------------
     0 | D:1      | Flugslaktarn the Minotaur Fighter began the quest for the
                  | Orb.
     0 | D:1      | Reached XP level 1. HP: 19/19 MP: 0/0
   124 | D:1      | Reached XP level 2. HP: 25/27 MP: 1/1
   232 | D:2      | Reached skill level 3 in Axes
   305 | D:2      | Reached XP level 3. HP: 26/33 MP: 2/2
   659 | D:3      | Found a burning altar of Makhleb.
   681 | D:3      | Became a worshipper of Makhleb the Destroyer
   720 | D:3      | Noticed Grinder
   726 | D:3      | Paralysed by Grinder for 3 turns
   914 | D:3      | Killed Grinder
   914 | D:3      | Reached skill level 4 in Axes
   914 | D:3      | Reached skill level 1 in Invocations
   914 | D:3      | Reached XP level 4. HP: 24/41 MP: 2/4
   914 | D:3      | Reached XP level 5. HP: 27/47 MP: 2/5
  1532 | D:3      | Reached XP level 6. HP: 34/53 MP: 6/6
  1805 | D:3      | Noticed Purgy
  1818 | D:3      | Killed Purgy
  1818 | D:3      | Reached skill level 5 in Axes
  1818 | D:3      | Reached skill level 5 in Shields
  1997 | D:4      | Reached skill level 5 in Fighting
  2214 | D:4      | Reached skill level 5 in Armour
  2948 | D:5      | Entered Level 5 of the Dungeon
  2953 | D:5      | Found a staircase to the Ecumenical Temple.
  3121 | D:5      | Reached * piety under Makhleb
  3121 | D:5      | Reached XP level 7. HP: 59/61 MP: 7/7
  3227 | D:5      | Found an iron altar of Okawaru.
  3233 | D:5      | Found a sparkling altar of Nemelex Xobeh.
  3237 | D:5      | Found Xac Vimieqom's Book Shop.
  3457 | D:5      | Noticed Pikel
  3472 | D:5      | Killed Pikel
  3472 | D:5      | Reached skill level 7 in Axes
  3472 | D:5      | Reached XP level 8. HP: 65/70 MP: 7/9
  4155 | D:6      | Reached skill level 8 in Axes
  4551 | D:6      | Identified the +0 robe of the Gloaming {rElec rN+ Slay-5}
  4562 | D:6      | Reached ** piety under Makhleb
  4562 | D:6      | Reached XP level 9. HP: 76/78 MP: 11/11
  5026 | D:7      | You fall into a shaft and drop 1 floor!
  5081 | D:8      | Noticed a two-headed ogre
  5088 | D:8      | Slain by a two-headed ogre

Illustrated notes

Levels and vault maps discovered:
D:1:      tarquinn_simple_flora_water_d, layout_basic, minmay_strange_pillars
D:2:      layout_basic, first_ration, grunt_decor_resistance, uniq_robin,
          uniq_sigmund
D:3:      cheibrodos_fertilizer, layout_basic, bloody_makhleb, uniq_grinder,
          uniq_purgy
D:4:      layout_loops_ring, hangedman_abyss_or_decor_stagger
D:5:      layout_rooms, temple_doors_cd, basic_altar, serial_shops, shop,
          grunt_ministairs_4, chequers_serial_rivers_room_b, st_stairs_6,
          okawaru_gym_becter, uniq_pikel
D:6:      layout_basic, serial_park_tiny_2
D:7:      layout_cave_pods, grunt_dithmenos_shadows, uniq_harold,
          uniq_prince_ribbit1
D:8:      layout_cave_pools, minmay_overflow_temple_hex, the_bakery,
          nicolae_blasting_shop

Skill      XL: |  1  2  3  4  5  6  7  8  9 |
---------------+----------------------------+-----
Axes           | 3 4 5 7 8 |  8.9
Fighting       | 4 5 6 7 |  7.0
Armour         | 4 5 6 |  6.9
Shields        | 4 5 6 7 |  7.1
Invocations    | 1 2 3 4 |  4.4

Action                   |  1- 3 |  4- 6 |  7- 9 || total
-------------------------+-------+-------+-------++-------
Melee: War axe           |    85 |    97 |   155 ||   337
       Headbutt          |     7 |    19 |    33 ||    59
  Use: Potion            |       |     2 |     2 ||     4
       Scroll            |       |       |     5 ||     5
  Eat: Chunk             |       |     4 |     6 ||    10
       Ration            |       |     1 |       ||     1
Armor: Scale mail        |    48 |    57 |       ||   105
       Chain mail        |       |       |    86 ||    86
Dodge: Dodged            |    28 |    24 |    27 ||    79
Block: Kite shield       |    44 |    50 |    81 ||   175

Table legend:
 A = Non-vault XP
 B = Vault XP
 C = Vault XP percentage of total XP
 D = Non-vault monster count
 E = Vault monster count
 F = Vault count percentage of total count
                 A         B        C        D         E       F
            +---------+---------+-------+---------+---------+-------
      Total |    2136 |    1099 |  34.0 |     103 |       6 |   5.5
            +---------+---------+-------+---------+---------+-------
        D:1 |      15 |       0 |   0.0 |       9 |       0 |   0.0
        D:2 |      40 |       0 |   0.0 |      15 |       0 |   0.0
        D:3 |      82 |     396 |  82.8 |      18 |       2 |  10.0
        D:4 |     179 |       0 |   0.0 |      10 |       0 |   0.0
        D:5 |     118 |     703 |  85.6 |      12 |       4 |  25.0
        D:6 |    1423 |       0 |   0.0 |      29 |       0 |   0.0
        D:7 |      70 |       0 |   0.0 |       2 |       0 |   0.0
        D:8 |     209 |       0 |   0.0 |       8 |       0 |   0.0
            +---------+---------+-------+---------+---------+-------
